 Dungeon Crawl Stone Soup version 0.19.4-8-ga85b6b9 (webtiles) character file.

243 Jerry the Skirmisher (level 6, -2/48 HPs)
             Began as a Formicid Abyssal Knight on Feb 9, 2017.
             Was a Believer of Lugonu.
             Slain by an adder (4 damage)
             ... on level 4 of the Dungeon.
             The game lasted 00:07:41 (3492 turns).

Jerry the Skirmisher (Formicid Abyssal Knight)      Turns: 3492, Time: 00:07:42

Health: -2/48      AC:  3    Str: 18 (19) XL:     6   Next: 31%
Magic:  8/8        EV: 16    Int:  8 (11) God:    Lugonu [**....]
Gold:   235        SH:  0    Dex: 13 (15) Spells: 0 memorised, 5 levels left

rFire  . . .     SeeInvis +     a - +1 hand axe
rCold  . . .     Gourm    .     b - +0 leather armour
rNeg   . . .     Faith    .     (no shield)
rPois  .         Spirit   .     (helmet unavailable)
rElec  .         Reflect  .     (no cloak)
rCorr  .         Harm     .     (no gloves)
MR     .....                    (no boots)
Stlth  +++.......               (no amulet)
                                (no ring)
                                i - ring of stealth

@: agile, lethally poisoned (-2 -> -9), flying, very slightly contaminated,
invisible
A: permanent stasis, dig shafts and tunnels, four strong arms, antennae 3
a: Dig, Shaft Self, Depart the Abyss, Bend Space, Renounce Religion


You were on level 4 of the Dungeon.
You worshipped Lugonu.
Lugonu was pleased with you.
You were hungry.

You visited 1 branch of the dungeon, and saw 4 of its levels.
You visited the Abyss 1 time.

You collected 235 gold pieces.

Inventory:

Hand Weapons
 a - a +1 hand axe (weapon)
Armour
 b - a +0 leather armour (worn)
Jewellery
 i - a ring of stealth (left hand)
Wands
 r - a wand of flame (25/48)
 s - a wand of lightning (9/15)
Scrolls
 e - a scroll of magic mapping
 f - a scroll of blinking {unknown}
 g - a scroll of noise {unknown}
 h - a scroll of random uselessness {unknown}
 k - a scroll of recharging {unknown}
 l - a scroll of amnesia {unknown}
 n - a scroll of fog {unknown}
 o - 2 scrolls of remove curse {unknown}
 p - 3 scrolls of identify {unknown}
Potions
 d - 2 potions of degeneration
Comestibles
 c - 3 bread rations
 t - a meat ration


   Skills:
 + Level 4.2 Fighting
 * Level 4.1 Axes
 + Level 3.6 Armour
 - Level 0.8 Dodging
 + Level 3.8 Invocations


You had 5 spell levels left.
You didn't know any spells.

Dungeon Overview and Level Annotations

Branches:
Dungeon (4/15)
 Temple: D:4-7

Altars:
Okawaru
Trog


Innate Abilities, Weirdness & Mutations

You are under a permanent stasis effect.
You can dig through walls and to a lower floor.
Your four strong arms can wield two-handed weapons with a shield.
You have a pair of large antennae on your head. (SInv)


Message History

It was a potion of flight.
You feel very buoyant.
You fly up into the air.
The adder bites you.
* * * LOW HITPOINT WARNING * * *
It was a potion of invisibility.
You fade into invisibility!
* * * LOW HITPOINT WARNING * * *
You feel sick. The adder barely misses you.
You are very lightly contaminated with residual magic.
You feel agile all of a sudden. The adder closely misses you.
The adder bites you.
* * * LOW HITPOINT WARNING * * *
You are more poisoned.
The adder poisons you!
As you read the scroll labeled VOTOADATS, it crumbles to dust.
You feel aware of your surroundings.
You sensed 1 altar, and 1 shop/portal.
It was a scroll of magic mapping.
* * * LOW HITPOINT WARNING * * *
You feel sick. The adder bites you.
You die...

#......# ##.###.# ***** * #.# #.#
*,,,* * #.# #.# *...# * ######.#
#.# #...#
#####......###.#######...##
.........a................#
#.....≈♣.P..##.#######....#
..♣.♣≈♣≈≈♣.P..aS@...##....####***
,..≈≈≈≈≈.♣....#####.##........,,*
♣.P≈≈≈≈♣≈P....#,,,#...........,,*
...≈≈♣≈≈......#,#.####........,,*
....≈≈P..P#####,#.............,,*
.#......P..,,,,,#####.........,,*
,*,##'##..,,***** #.........,,*
**,...,...,,#########.###.....,,*
***♣.,....,,#.÷.......# *.....,,*


You could see a worker ant and an adder.

Vanquished Creatures
  A howler monkey (D:4)
  A crimson imp (D:3)
  A worker ant (D:4)
  Robin (D:3)
  2 adders
  An ooze (D:1)
  3 worms (D:2)
  2 dart slugs
  3 leopard geckos
  An orc (D:3)
  A ball python (D:1)
  13 bats
  6 giant cockroaches
  17 goblins
  9 hobgoblins
  6 jackals
  5 kobolds
  A quokka (D:3)
  5 frilled lizards
  12 rats
91 creatures vanquished.

Notes
Turn   | Place    | Note
-------+----------+-------------------------------------------
     0 | Abyss:1  | Jerry the Formicid Abyssal Knight began the quest for the Orb.
     0 | Abyss:1  | Reached XP level 1. HP: 18/18 MP: 2/2
    34 | Abyss:1  | Noticed a quasit
    34 | Abyss:1  | Noticed a large abomination
    35 | Abyss:1  | Noticed a chaos spawn
    36 | Abyss:1  | Noticed a large abomination
    38 | Abyss:1  | Noticed a wretched star
    41 | D:1      | Escaped the Abyss
   197 | D:1      | Reached XP level 2. HP: 24/24 MP: 3/3
   410 | D:1      | Reached * piety under Lugonu
   429 | D:1      | Reached XP level 3. HP: 19/29 MP: 4/4
  1448 | D:2      | Reached XP level 4. HP: 37/37 MP: 6/6
  1504 | D:2      | Found an iron altar of Okawaru.
  1799 | D:2      | Reached ** piety under Lugonu
  2278 | D:3      | Reached XP level 5. HP: 30/42 MP: 7/7
  2389 | D:3      | Noticed Robin
  2702 | D:3      | Killed Robin
  2754 | D:3      | Found a bloodstained altar of Trog.
  3126 | D:4      | Reached XP level 6. HP: 21/48 MP: 8/8
  3492 | D:4      | HP: 2/48 [poisoned by an adder]
  3492 | D:4      | Slain by an adder

Skill      XL: |  1  2  3  4  5 |
---------------+----------------+-----
Invocations    | 3 |  3.8
Axes           | 3 4 |  4.1
Fighting       | 4 |  4.2
Armour         | 3 |  3.6
Dodging        | |  0.8

Action                   |  1- 3 |  4- 6 || total
-------------------------+-------+-------++-------
Melee: Hand axe          |    98 |   198 ||   296
Invok: Depart the Abyss  |     1 |       ||     1
       Bend Space        |       |     1 ||     1
  Use: Potion            |       |     4 ||     4
       Scroll            |       |     1 ||     1
 Stab: Sleeping          |     2 |     8 ||    10
  Eat: Chunk             |     2 |     6 ||     8
Armor: Leather armour    |    30 |    50 ||    80
Dodge: Dodged            |    93 |   135 ||   228
